 Dungeon Crawl Stone Soup version 0.29.1-15-g9cfb28693d (webtiles) character file.

Game seed: 16459562824413312268

3 javelincjr the Magician (level 1, -2/13 HPs)
             Began as a Demonspawn Hedge Wizard on Apr 28, 2023.
             Slain by a quokka (4 damage)
             ... on level 1 of the Dungeon.
             The game lasted 00:00:48 (177 turns).

javelincjr the Magician (Demonspawn Hedge Wizard)    Turns: 177, Time: 00:00:49

Health: -2/13      AC:  2    Str: 10    XL:     1   Next: 41%
Magic:  0/4        EV: 12    Int: 15    God:
Gold:   43         SH:  0    Dex: 12    Spells: 5/6 levels left

rFire   . . .      SeeInvis .   a - +0 dagger
rCold   . . .      Faith    .   (no shield)
rNeg    . . .      Spirit   .   b - +0 robe
rPois   .          Reflect  .   c - +0 hat
rElec   .          Harm     .   (no cloak)
rCorr   .          Rampage  .   (no gloves)
Will    .....                   (no boots)
Stlth   ++........              (no amulet)
HPRegen 0.04/turn               (no ring)
MPRegen 0.09/turn               (no ring)

@: no status effects
A: no striking features
a: no special abilities


You were on level 1 of the Dungeon.
You visited 1 branch of the dungeon, and saw 1 of its levels.

You collected 43 gold pieces.

Inventory:

Hand Weapons
 a - a +0 dagger (weapon)
Armour
 b - a +0 robe (worn)
 c - a +0 hat (worn)
Jewellery
 e - a +6 ring of intelligence
Scrolls
 f - a scroll of identify {unknown}
Potions
 d - a potion of magic


   Skills:
 * Level 0.2 Fighting
 * Level 0.1 Armour
 + Level 1.8 Dodging
 - Level 1.7 Stealth
 * Level 3.0 Spellcasting
 + Level 1.0 Conjurations
 + Level 1.0 Summonings
 + Level 0.9 Translocations


You had 5 spell levels left.
You knew the following spells:

 Your Spells              Type           Power      Damage    Failure   Level
a - Magic Dart            Conj           20%        1d4       13%         1

Your spell library contained the following spells:

 Spells                   Type           Power      Damage    Failure   Level
 Slow                     Hex            8%         N/A       21%         1
 Blink                    Tloc           10%        N/A       21%         2
 Call Imp                 Summ           5%         N/A       21%         2
 Conjure Flame            Conj/Fire      3%         6-21      43%         3
 Mephitic Cloud           Conj/Pois/Air  3%         N/A       45%         3


Dungeon Overview and Level Annotations

Branches:
Dungeon (1/15)

Altars:


Message History

There is an open door here.
The frilled lizard unfolds its giant frill.
The quokka attacks as you move away! The quokka misses you.
The magic dart hits the quokka but does no damage.
The quokka bites you.
The magic dart hits the quokka but does no damage.
The quokka bites you but does no damage.
You hit the quokka.
The quokka is moderately wounded.
The quokka bites you but does no damage.
The quokka bites you.
You hit the quokka but do no damage.
The quokka is moderately wounded.
The quokka bites you.
You hit the quokka.
The quokka is severely wounded.
The quokka closely misses you.
You hit the quokka.
The quokka is almost dead.
The quokka bites you.
You are too injured to fight recklessly!
Casting: Magic Dart (safe; 13% risk of failure)
Confirm with . or Enter, or press ? or * to list all spells.
Aiming: Magic Dart (safe; 13% risk of failure)
Press: ? - help, Shift-Dir - straight line, f/p - quokka
Aim: a quokka (almost dead, 100% to hit)
The magic dart hits the quokka but does no damage.
The quokka is almost dead.
The quokka bites you but does no damage.
You miss the quokka.
The quokka is almost dead.
The quokka bites you. The quokka barely misses you.
You closely miss the quokka.
The quokka is almost dead.
The quokka bites you.
* * * LOW HITPOINT WARNING * * *
You barely miss the quokka.
The quokka is almost dead.
The quokka bites you.
You die...

#.....[# #......# #......#
......# r....##### .g......#
.#.#################...?...#
..............@rgl.'........
...####.############.......#
######.###### #.......#
#...........#### #.......#
..#####+#####...####........
####..########.. ###.## .
##.# ##+## #.#


You could see a quokka, a goblin and a frilled lizard.

Vanquished Creatures
  A kobold (D:1)
  2 goblins (D:1)
3 creatures vanquished.

Notes
Turn   | Place    | Note
-------+----------+-------------------------------------------
     0 | D:1      | javelincjr the Demonspawn Hedge Wizard began the quest for
                  | the Orb.
     0 | D:1      | Reached XP level 1. HP: 13/13 MP: 4/4
   177 | D:1      | Slain by a quokka

Illustrated notes

Levels and vault maps discovered:
D:1:      dpeg_arrival_morbid_curiosity, layout_basic

Action                   || total
-------------------------++-------
Melee: Dagger            ||     9
 Cast: Magic Dart        ||    11
Armor: Robe              ||     3
Dodge: Dodged            ||     4
